[ AOE2 MATCH · #506693596 ]
UnrankedBurmese vs Mongols
Player's team · LOSS
Rival team · WIN
[ REPLAY ANALYSIS · EXTRACTED FROM THE RECORDED GAME ]
Feudal
10:30
Castle
14:40
Imperial
—
| APM avg | 46.0 |
| APM peak | 86 |
| eAPM avg | 13.8 |
| Villagers / military | 39 / 108 |
Focus
⚔️ 51.6% · 🌾 48.4%
Arambai ×71 · Mangonel ×23 · Monk ×9 · Battering Ram ×5
Feudal
12:37
Castle
16:11
Imperial
—
| APM avg | 63.2 |
| APM peak | 126 |
| eAPM avg | 23.7 |
| Villagers / military | 63 / 170 |
Focus
⚔️ 50.0% · 🌾 50.0%
Archer ×90 · Mangudai ×56 · Mangonel ×17 · Militia ×3 · Monk ×2 · Cavalry Archer ×2
Match map
Initial resources + every placement click. Lines = walls · curves = elevation contours. ◆ gold · ⬟ stone · ● berries · ✦ relic · ◌ wall gap
Your base· Open — 11t gap
巨大豚's base· Open — unwalled flank
Smoothed initial terrain · ◌ = detected wall gap · hover for details
Inputs per minute
— Changed - - 巨大豚
Build order — Changed
First 150 of 218 actions detected
| 0:00 | Queue | Villager (Male) |
| 0:01 | Queue | Villager (Male) |
| 0:01 | Queue | Villager (Male) |
| 0:01 | Queue | Villager (Male) |
| 0:02 | Build | House |
| 0:04 | Build | House |
| 1:38 | Queue | Villager (Male) |
| 1:52 | Queue | Villager (Male) |
| 2:26 | Queue | Villager (Male) |
| 2:27 | Queue | Villager (Male) |
| 3:10 | Build | Lumber Camp |
| 3:19 | Queue | Villager (Male) |
| 3:20 | Queue | Villager (Male) |
| 3:30 | Build | House |
| 3:31 | Build | House |
| 4:03 | Queue | Villager (Male) |
| 4:14 | Queue | Villager (Male) |
| 4:31 | Queue | Villager (Male) |
| 4:48 | Queue | Villager (Male) |
| 5:17 | Queue | Villager (Male) |
| 5:18 | Queue | Villager (Male) |
| 5:28 | Build | Palisade Wall |
| 5:47 | Build | Mill |
| 6:28 | Queue | Villager (Male) |
| 6:29 | Queue | Villager (Male) |
| 6:29 | Queue | Villager (Male) |
| 7:09 | Build | Palisade Wall |
| 7:42 | Build | Palisade Wall |
| 7:47 | Research | Loom |
| 8:02 | Build | Palisade Wall |
| 8:11 | Research | Feudal Age |
| 9:20 | Build | Palisade Wall |
| 9:27 | Build | Palisade Wall |
| 9:39 | Build | Mining Camp |
| 10:11 | Queue | Villager (Male) |
| 10:11 | Queue | Villager (Male) |
| 10:30 | Age | Feudal Age |
| 10:45 | Build | Market |
| 10:55 | Build | Blacksmith |
| 10:58 | Build | Palisade Wall |
| 12:00 | Research | Castle Age |
| 12:17 | Build | Stone Wall |
| 12:41 | Build | Stone Wall |
| 12:57 | Build | Stone Wall |
| 13:14 | Build | Stone Wall |
| 13:33 | Build | House |
| 13:45 | Build | Stone Wall |
| 14:09 | Build | Mining Camp |
| 14:40 | Age | Castle Age |
| 14:42 | Build | Farm |
| 14:44 | Queue | Villager (Male) |
| 14:45 | Queue | Villager (Male) |
| 14:45 | Queue | Villager (Male) |
| 14:45 | Queue | Villager (Male) |
| 14:46 | Queue | Villager (Male) |
| 15:18 | Build | Castle |
| 15:56 | Research | Padded Archer Armor |
| 16:19 | Build | Palisade Wall |
| 16:39 | Queue | Arambai |
| 16:40 | Queue | Arambai |
| 17:03 | Queue | Arambai |
| 17:17 | Build | Palisade Wall |
| 17:29 | Queue | Arambai |
| 17:29 | Queue | Arambai |
| 17:54 | Queue | Arambai |
| 17:54 | Queue | Arambai |
| 18:07 | Queue | Arambai |
| 18:26 | Build | Siege Workshop |
| 19:13 | Queue | Arambai |
| 19:14 | Queue | Arambai |
| 19:19 | Queue | Arambai |
| 19:33 | Build | Siege Workshop |
| 19:52 | Queue | Arambai |
| 19:52 | Queue | Arambai |
| 20:06 | Build | Monastery |
| 20:18 | Queue | Villager (Male) |
| 20:31 | Queue | Mangonel |
| 20:31 | Queue | Mangonel |
| 20:58 | Build | Monastery |
| 22:05 | Queue | Mangonel |
| 22:07 | Queue | Arambai |
| 22:07 | Queue | Arambai |
| 22:08 | Queue | Monk |
| 22:36 | Queue | Mangonel |
| 22:37 | Queue | Arambai |
| 22:48 | Queue | Battering Ram |
| 23:02 | Build | Outpost |
| 23:09 | Queue | Arambai |
| 23:09 | Queue | Arambai |
| 23:47 | Build | House |
| 23:49 | Build | House |
| 24:45 | Research | Redemption |
| 24:45 | Research | Sanctity |
| 24:52 | Build | House |
| 24:54 | Queue | Mangonel |
| 24:55 | Queue | Mangonel |
| 25:39 | Queue | Mangonel |
| 26:30 | Queue | Monk |
| 26:34 | Queue | Mangonel |
| 26:35 | Queue | Arambai |
| 26:37 | Queue | Villager (Male) |
| 26:38 | Queue | Villager (Male) |
| 26:38 | Queue | Villager (Male) |
| 28:19 | Queue | Arambai |
| 28:21 | Queue | Mangonel |
| 28:23 | Queue | Arambai |
| 28:23 | Queue | Arambai |
| 28:52 | Queue | Arambai |
| 28:52 | Queue | Arambai |
| 29:31 | Queue | Monk |
| 29:35 | Queue | Arambai |
| 29:35 | Queue | Arambai |
| 30:00 | Build | House |
| 30:02 | Queue | Villager (Male) |
| 30:32 | Build | House |
| 31:29 | Queue | Monk |
| 31:29 | Queue | Monk |
| 32:12 | Queue | Mangonel |
| 32:12 | Queue | Mangonel |
| 32:13 | Queue | Arambai |
| 32:13 | Queue | Arambai |
| 33:22 | Queue | Arambai |
| 33:23 | Queue | Arambai |
| 34:45 | Queue | Mangonel |
| 34:45 | Queue | Mangonel |
| 35:29 | Queue | Arambai |
| 35:29 | Queue | Arambai |
| 35:30 | Queue | Arambai |
| 35:56 | Queue | Monk |
| 35:56 | Queue | Monk |
| 36:20 | Build | House |
| 37:09 | Build | Barracks |
| 37:52 | Queue | Mangonel |
| 37:53 | Queue | Arambai |
| 38:11 | Queue | Arambai |
| 38:11 | Queue | Arambai |
| 38:12 | Queue | Arambai |
| 39:50 | Build | Stable |
| 40:05 | Queue | Arambai |
| 40:05 | Queue | Arambai |
| 40:09 | Queue | Mangonel |
| 40:45 | Build | Mining Camp |
| 41:02 | Research | Bloodlines |
| 42:10 | Queue | Monk |
| 42:16 | Queue | Arambai |
| 42:16 | Queue | Arambai |
| 42:50 | Queue | Mangonel |
| 43:34 | Queue | Mangonel |
| 44:07 | Queue | Arambai |
| 44:07 | Queue | Arambai |
Build order — 巨大豚
First 150 of 350 actions detected
| 0:01 | Queue | Villager (Male) |
| 0:02 | Build | House |
| 0:03 | Build | House |
| 0:07 | Queue | Villager (Male) |
| 0:11 | Queue | Villager (Male) |
| 0:20 | Queue | Villager (Male) |
| 1:24 | Queue | Villager (Male) |
| 1:55 | Queue | Villager (Male) |
| 2:27 | Queue | Villager (Male) |
| 2:35 | Queue | Villager (Male) |
| 2:44 | Queue | Villager (Male) |
| 3:32 | Queue | Villager (Male) |
| 3:41 | Queue | Villager (Male) |
| 3:55 | Build | Lumber Camp |
| 4:03 | Queue | Villager (Male) |
| 4:06 | Build | House |
| 4:09 | Queue | Villager (Male) |
| 4:28 | Queue | Villager (Male) |
| 4:36 | Queue | Villager (Male) |
| 4:39 | Queue | Villager (Male) |
| 4:54 | Queue | Villager (Male) |
| 5:30 | Queue | Villager (Male) |
| 5:49 | Build | House |
| 5:53 | Queue | Villager (Male) |
| 6:15 | Queue | Villager (Male) |
| 6:29 | Build | Barracks |
| 6:36 | Queue | Villager (Male) |
| 6:47 | Queue | Villager (Male) |
| 6:51 | Queue | Villager (Male) |
| 6:56 | Queue | Villager (Male) |
| 7:01 | Queue | Villager (Male) |
| 7:06 | Queue | Villager (Male) |
| 7:18 | Build | House |
| 7:22 | Queue | Villager (Male) |
| 7:26 | Queue | Militia |
| 7:30 | Build | House |
| 7:49 | Research | Loom |
| 7:51 | Queue | Militia |
| 7:56 | Queue | Villager (Male) |
| 8:06 | Queue | Militia |
| 8:10 | Queue | Villager (Male) |
| 8:45 | Build | Mining Camp |
| 8:53 | Queue | Villager (Male) |
| 9:08 | Queue | Villager (Male) |
| 9:17 | Build | Mill |
| 9:25 | Queue | Villager (Male) |
| 9:59 | Queue | Villager (Male) |
| 10:00 | Build | Farm |
| 10:01 | Build | Farm |
| 10:21 | Build | Farm |
| 10:22 | Build | Farm |
| 10:26 | Research | Feudal Age |
| 10:40 | Build | Farm |
| 12:37 | Age | Feudal Age |
| 12:38 | Build | Archery Range |
| 12:41 | Queue | Villager (Male) |
| 12:41 | Queue | Villager (Male) |
| 12:43 | Build | Blacksmith |
| 13:25 | Research | Castle Age |
| 13:38 | Build | Archery Range |
| 13:59 | Research | Double-Bit Axe |
| 14:03 | Build | House |
| 14:04 | Build | House |
| 14:05 | Build | Palisade Wall |
| 14:32 | Queue | Archer |
| 14:33 | Queue | Archer |
| 15:37 | Queue | Archer |
| 15:38 | Queue | Archer |
| 15:51 | Queue | Archer |
| 15:57 | Research | Fletching |
| 16:11 | Age | Castle Age |
| 16:27 | Research | Bodkin Arrow |
| 16:34 | Queue | Villager (Male) |
| 16:39 | Build | Market |
| 16:41 | Build | House |
| 16:46 | Build | Farm |
| 16:49 | Queue | Archer |
| 17:06 | Build | Farm |
| 17:07 | Build | Farm |
| 17:13 | Build | House |
| 17:15 | Build | Lumber Camp |
| 17:16 | Queue | Archer |
| 17:39 | Build | Farm |
| 17:52 | Research | Crossbowman (upgrade) |
| 18:00 | Queue | Archer |
| 18:24 | Queue | Archer |
| 18:24 | Queue | Archer |
| 18:44 | Queue | Archer |
| 18:44 | Queue | Archer |
| 18:48 | Queue | Villager (Male) |
| 18:53 | Build | University |
| 19:01 | Queue | Archer |
| 19:02 | Queue | Villager (Male) |
| 19:35 | Queue | Archer |
| 20:01 | Research | Ballistics |
| 20:01 | Research | Ballistics |
| 20:04 | Queue | Villager (Male) |
| 20:12 | Queue | Archer |
| 20:23 | Queue | Archer |
| 20:29 | Queue | Archer |
| 20:30 | Queue | Villager (Male) |
| 20:40 | Queue | Villager (Male) |
| 20:53 | Build | Lumber Camp |
| 20:58 | Build | Lumber Camp |
| 21:01 | Queue | Archer |
| 21:03 | Queue | Villager (Male) |
| 21:04 | Research | Padded Archer Armor |
| 21:06 | Queue | Villager (Male) |
| 21:11 | Queue | Archer |
| 21:21 | Queue | Archer |
| 21:21 | Queue | Archer |
| 21:39 | Queue | Villager (Male) |
| 22:04 | Queue | Archer |
| 22:04 | Queue | Archer |
| 22:06 | Build | House |
| 22:07 | Build | House |
| 22:11 | Queue | Archer |
| 22:13 | Queue | Villager (Male) |
| 22:32 | Build | Siege Workshop |
| 22:38 | Queue | Archer |
| 22:44 | Queue | Villager (Male) |
| 22:50 | Queue | Archer |
| 22:59 | Research | Bow Saw |
| 23:00 | Research | Bow Saw |
| 23:02 | Build | Farm |
| 23:18 | Queue | Mangonel |
| 23:44 | Queue | Villager (Male) |
| 24:09 | Queue | Villager (Male) |
| 24:11 | Queue | Mangonel |
| 24:16 | Queue | Archer |
| 24:16 | Queue | Archer |
| 24:27 | Queue | Archer |
| 24:43 | Queue | Villager (Male) |
| 24:45 | Build | House |
| 24:45 | Build | House |
| 24:45 | Build | House |
| 24:46 | Build | House |
| 24:52 | Research | Town Watch |
| 25:02 | Queue | Archer |
| 25:28 | Queue | Archer |
| 25:28 | Queue | Archer |
| 25:30 | Queue | Archer |
| 26:24 | Queue | Archer |
| 26:26 | Queue | Mangonel |
| 26:28 | Build | Farm |
| 26:33 | Queue | Archer |
| 26:40 | Queue | Archer |
| 26:43 | Build | Mining Camp |
| 26:44 | Queue | Villager (Male) |
| 26:46 | Queue | Archer |
Match timeline
| 5:28 | Changed · wall_segment Palisade Wall x4 |
| 6:29 | 巨大豚 · first_building Barracks |
| 7:09 | Changed · wall_segment Palisade Wall x4 |
| 7:42 | Changed · wall_segment Palisade Wall x9 |
| 8:02 | Changed · wall_segment Palisade Wall x2 |
| 9:20 | Changed · wall_segment Palisade Wall x3 |
| 9:27 | Changed · wall_segment Palisade Wall x1 |
| 10:30 | Changed · age_up feudal |
| 10:58 | Changed · wall_segment Palisade Wall x1 |
| 11:57 | Changed · first_market_sell 100 wood |
| 12:17 | Changed · wall_segment Stone Wall x7 |
| 12:37 | 巨大豚 · age_up feudal |
| 12:38 | 巨大豚 · first_building Archery Range |
| 12:41 | Changed · wall_segment Stone Wall x4 |
| 12:57 | Changed · wall_segment Stone Wall x5 |
| 13:14 | Changed · wall_segment Stone Wall x4 |
| 13:45 | Changed · wall_segment Stone Wall x3 |
| 14:05 | 巨大豚 · wall_segment Palisade Wall x1 |
| 14:40 | Changed · age_up castle |
| 15:18 | Changed · first_building Castle |
| 16:11 | 巨大豚 · age_up castle |
| 16:19 | Changed · wall_segment Palisade Wall x1 |
| 17:17 | Changed · wall_segment Palisade Wall x1 |
| 18:26 | Changed · first_building Siege Workshop |
| 19:27 | 巨大豚 · first_market_sell 100 stone |
| 20:06 | Changed · first_building Monastery |
| 20:53 | Changed · first_market_buy 100 wood |
| 22:32 | 巨大豚 · first_building Siege Workshop |
| 35:40 | 巨大豚 · first_building Monastery |
| 36:52 | 巨大豚 · first_building Stable |
| 37:09 | Changed · first_building Barracks |
| 38:43 | 巨大豚 · first_market_buy 100 wood |
| 39:50 | Changed · first_building Stable |
| 43:36 | 巨大豚 · first_building Castle |
| 68:13 | Changed · resign |
[ AI ANALYSIS · 1 CREDIT ]
What really happened in this match?
Wolo.gg analyzes every decision: build order, eco, micro, common mistakes by bracket. Personalized analysis on WhatsApp or Discord in 30 seconds.
Civ guide
Burmese
Perfil
Jugador #20529172